MLB
MILWAUKEE BREWERS @ CINCINNATI REDS
09/26/2019
 
TOP OF THE 1ST
Milwaukee Brewers batting - Pitching for Cincinnati Reds : RHP Danny Salazar
Pitching: RHP Danny Salazar
Batting: LHB Jeff McNeil 0-0: Ball
1-0: Ball
2-0: Called Strike
2-1: Swinging Strike
2-2: Ball
3-2: Fly out, F3 (Line Drive, 3, EV 63.8 MPH)
Batting: RHB Eugenio Suarez 0-0: Ball
1-0: Foul Ball, location: 2F
1-1: SINGLE (Line Drive, 7LM, EV 104.4 MPH)
Batting: RHB Aaron Judge 0-0: Foul Ball, location: 2F
0-1: Foul Ball, location: 2F
0-2: Foul Ball, location: 2F
0-2: Strikes out swinging
Batting: LHB Eric Hosmer 0-0: Fly out, F6 (Popup, 4MD, EV 47.5 MPH)
Top of the 1st over - 0 runs, 1 hit, 0 errors, 1 left on base; Milwaukee 0 - Cincinnati 0
BOTTOM OF THE 1ST
Cincinnati Reds batting - Pitching for Milwaukee Brewers : RHP Jon Gray
Pitching: RHP Jon Gray
Batting: RHB Trea Turner 0-0: Swinging Strike
0-1: Fly out, F9 (Flyball, 9, EV 90.0 MPH)
Batting: LHB Robinson Cano 0-0: Ball
1-0: Ball
2-0: Ball
3-0: Called Strike
3-1: SOLO HOME RUN (Flyball, 9LD, EV 108.1 MPH), Distance : 334 ft
Batting: LHB Gregory Polanco 0-0: Called Strike
0-1: Foul Ball, location: 2F
0-2: Ball
1-2: Ball
2-2: Ball
3-2: Base on Balls
Batting: LHB Joey Gallo 0-0: Foul Ball, location: 2F
0-1: Foul Ball, location: 2F
0-2: Ball
1-2: Foul Ball, location: 2F
1-2: Fly out, F8 (Flyball, 89M, EV 88.1 MPH)
Batting: LHB Ji-man Choi 0-0: Foul Ball, location: 2F
0-1: Fly out, F7 (Flyball, 78M, EV 81.3 MPH)
Bottom of the 1st over - 1 run, 1 hit, 0 errors, 1 left on base; Milwaukee 0 - Cincinnati 1
TOP OF THE 2ND
Milwaukee Brewers batting - Pitching for Cincinnati Reds : RHP Danny Salazar
Batting: RHB Tommy Pham 0-0: Ball
1-0: Called Strike
1-1: SOLO HOME RUN (Flyball, 7LD, EV 103.8 MPH), Distance : 353 ft
Batting: RHB Gary Sanchez 0-0: Ball
1-0: Ball
2-0: Foul Ball, location: 2F
2-1: Ball
3-1: Base on Balls
Batting: RHB A.J. Pollock 0-0: Ball
1-0: Foul Ball, location: 2F
1-1: Swinging Strike
1-2: Ball
2-2: Ball
3-2: Strikes out swinging
Batting: RHB Jon Gray 0-0: Sac Bunt to 13 - play at first, batter OUT! 1-4
Gary Sanchez to second
Batting: RHB Addison Russell 0-0: Foul Ball, location: 2F
0-1: Ball
1-1: Foul Ball, location: 2F
1-2: Strikes out swinging wild pitch, reaches first!
Gary Sanchez to third
Batting: LHB Jeff McNeil 0-0: Ball
1-0: Ball
2-0: Ball
3-0: Called Strike
3-1: Foul Ball, location: 2F
3-2: Foul Ball, location: 2F
3-2: 3-RUN HOME RUN (Flyball, 89XD, EV 108.8 MPH), Distance : 395 ft
Batting: RHB Eugenio Suarez 0-0: Called Strike
0-1: Swinging Strike
0-2: Strikes out looking
Top of the 2nd over - 4 runs, 2 hits, 0 errors, 0 left on base; Milwaukee 4 - Cincinnati 1
BOTTOM OF THE 2ND
Cincinnati Reds batting - Pitching for Milwaukee Brewers : RHP Jon Gray
Batting: RHB Chad Pinder 0-0: Ball
1-0: Foul Ball, location: 2F
1-1: Ball
2-1: Foul Ball, location: 2F
2-2: Foul Ball, location: 2F
2-2: Ground out 4-3 (Groundball, 4, EV 87.5 MPH)
Batting: LHB Brian McCann 0-0: SOLO HOME RUN (Flyball, 9D, EV 101.9 MPH), Distance : 392 ft
Batting: LHB Jarrod Dyson 0-0: Ball
1-0: SINGLE (Line Drive, 6D, EV 97.5 MPH)
Batting: RHB Danny Salazar 0-0: Ball
1-0: Sac Bunt to 25 - play at first, batter OUT! 5-4
Jarrod Dyson to second
Batting: RHB Trea Turner 0-0: SINGLE (Line Drive, 9LS, EV 97.5 MPH)
Jarrod Dyson to third
Batting: LHB Robinson Cano 0-0: Ball
1-0: Ball
2-0: Foul Ball, location: 2F
2-1: Foul Ball, location: 2F
2-2: Fly out, F9 (Flyball, 9LS, EV 86.3 MPH)
Bottom of the 2nd over - 1 run, 3 hits, 0 errors, 2 left on base; Milwaukee 4 - Cincinnati 2
TOP OF THE 3RD
Milwaukee Brewers batting - Pitching for Cincinnati Reds : RHP Danny Salazar
Batting: RHB Aaron Judge 0-0: Ball
1-0: Swinging Strike
1-1: Ball
2-1: Ball
3-1: SOLO HOME RUN (Flyball, 7D, EV 106.9 MPH), Distance : 373 ft
Batting: LHB Eric Hosmer 0-0: Ball
1-0: Swinging Strike
1-1: Fly out, F9 (Flyball, 9LM, EV 96.3 MPH)
Batting: RHB Tommy Pham 0-0: Called Strike
0-1: Ball
1-1: Foul Ball, location: 2F
1-2: Ball
2-2: Fly out, F9 (Flyball, 9S, EV 86.9 MPH)
Batting: RHB Gary Sanchez 0-0: Swinging Strike
0-1: Called Strike
0-2: Ball
1-2: Strikes out looking
Top of the 3rd over - 1 run, 1 hit, 0 errors, 0 left on base; Milwaukee 5 - Cincinnati 2
BOTTOM OF THE 3RD
Cincinnati Reds batting - Pitching for Milwaukee Brewers : RHP Jon Gray
Batting: LHB Gregory Polanco 0-0: DOUBLE (Flyball, 89XD, EV 109.4 MPH)
Batting: LHB Joey Gallo 0-0: Called Strike
0-1: Ball
1-1: Foul Ball, location: 2F
1-2: Foul Ball, location: 2F
1-2: Ball
2-2: Ball
3-2: Fly out, F3 (Popup, 3, EV 59.4 MPH)
Batting: LHB Ji-man Choi 0-0: Fly out, F7 (Flyball, 7, EV 81.9 MPH)
Batting: RHB Chad Pinder 0-0: Ball
1-0: Ball
2-0: Ball
3-0: Ground out 1-3 (Groundball, 34S, EV 87.5 MPH)
Bottom of the 3rd over - 0 runs, 1 hit, 0 errors, 1 left on base; Milwaukee 5 - Cincinnati 2
TOP OF THE 4TH
Milwaukee Brewers batting - Pitching for Cincinnati Reds : RHP Danny Salazar
Batting: RHB A.J. Pollock 0-0: Fly out, F9 (Flyball, 9S, EV 93.8 MPH)
Batting: RHB Jon Gray 0-0: Swinging Strike
0-1: Ball
1-1: Called Strike
1-2: Foul Ball, location: 2F
1-2: Ball
2-2: Strikes out swinging
Batting: RHB Addison Russell 0-0: Ball
1-0: Ball
2-0: Called Strike
2-1: Ball
3-1: Foul Ball, location: 2F
3-2: Base on Balls
Pitching: RHP Sal Romano
Batting: LHB Jeff McNeil 0-0: Called Strike
0-1: Ball
1-1: Ball
2-1: Ball
3-1: Base on Balls
Addison Russell to second
Batting: RHB Eugenio Suarez 0-0: Ball
1-0: Ball
2-0: Called Strike
2-1: Ball
3-1: Ground out 1-3 (Groundball, 13, EV 90.0 MPH)
Top of the 4th over - 0 runs, 0 hits, 0 errors, 2 left on base; Milwaukee 5 - Cincinnati 2
BOTTOM OF THE 4TH
Cincinnati Reds batting - Pitching for Milwaukee Brewers : RHP Jon Gray
Batting: LHB Brian McCann 0-0: Called Strike
0-1: Called Strike
0-2: Ball
1-2: Foul Ball, location: 2F
1-2: Foul Ball, location: 2F
1-2: Ball
2-2: Ground out 4-3 (Groundball, 34D, EV 88.1 MPH)
Batting: LHB Jarrod Dyson 0-0: Fly out, F5 (Line Drive, 5, EV 67.5 MPH)
Batting: LHB Sal Romano 0-0: SINGLE (Groundball, 4MD, EV 103.8 MPH)
Batting: RHB Trea Turner 0-0: Foul Ball, location: 2F
0-1: Foul Ball, location: 2F
0-2: Ball
1-2: Ball
2-2: Ball
3-2: Fly out, F7 (Flyball, 7S, EV 86.9 MPH)
Bottom of the 4th over - 0 runs, 1 hit, 0 errors, 1 left on base; Milwaukee 5 - Cincinnati 2
TOP OF THE 5TH
Milwaukee Brewers batting - Pitching for Cincinnati Reds : RHP Sal Romano
Batting: RHB Aaron Judge 0-0: Ball
1-0: Ball
2-0: Ball
3-0: Base on Balls
Batting: LHB Eric Hosmer 0-0: Called Strike
0-1: Foul Ball, location: 2F
0-2: Strikes out looking
Batting: RHB Tommy Pham 0-0: Called Strike
0-1: Called Strike
0-2: Foul Ball, location: 2F
0-2: Foul Ball, location: 2F
0-2: Ball
1-2: Strikes out looking
Batting: RHB Gary Sanchez 0-0: Fielders Choice at 2nd, 4-6 (Groundball, 6M, EV 108.1 MPH)
Top of the 5th over - 0 runs, 0 hits, 0 errors, 1 left on base; Milwaukee 5 - Cincinnati 2
BOTTOM OF THE 5TH
Cincinnati Reds batting - Pitching for Milwaukee Brewers : RHP Jon Gray
Batting: LHB Robinson Cano 0-0: Ball
1-0: Called Strike
1-1: Swinging Strike
1-2: Ball
2-2: Strikes out looking
Batting: LHB Gregory Polanco 0-0: Called Strike
0-1: Foul Ball, location: 2F
0-2: Foul Ball, location: 2F
0-2: Ball
1-2: Foul Ball, location: 2F
1-2: Ball
2-2: Foul Ball, location: 2F
2-2: Foul Ball, location: 2F
2-2: Ball
3-2: Fly out, F8 (Line Drive, 8RM, EV 105.0 MPH)
Batting: LHB Joey Gallo 0-0: Called Strike
0-1: Swinging Strike
0-2: Ball
1-2: Foul Ball, location: 2F
1-2: SINGLE (Line Drive, 8LS, EV 96.9 MPH)
Batting: LHB Ji-man Choi 0-0: Called Strike
0-1: Ball
1-1: Ball
2-1: Fly out, F8 (Line Drive, 8LM, EV 86.9 MPH)
Bottom of the 5th over - 0 runs, 1 hit, 0 errors, 1 left on base; Milwaukee 5 - Cincinnati 2
TOP OF THE 6TH
Milwaukee Brewers batting - Pitching for Cincinnati Reds : RHP Sal Romano
Batting: RHB A.J. Pollock 0-0: Ball
1-0: Ball
2-0: Called Strike
2-1: Ball
3-1: DOUBLE (Line Drive, 5D, EV 102.5 MPH)
Pinch Hitting: LHB Jon Jay 0-0: Swinging Strike
0-1: Foul Ball, location: 2F
0-2: Foul Ball, location: 2F
0-2: Ball
1-2: Foul Ball, location: 2F
1-2: Ball
2-2: Ball
3-2: Foul Ball, location: 2F
3-2: Strikes out swinging
Pitching: LHP Ryan Sherriff
Batting: RHB Addison Russell 0-0: SINGLE (Flyball, 7S, EV 98.8 MPH)
A.J. Pollock to third
Batting: LHB Jeff McNeil 0-0: Called Strike
0-1: Swinging Strike
0-2: Ball
1-2: Strikes out swinging
Batting: RHB Eugenio Suarez 0-0: Foul Ball, location: 2F
0-1: Ball
1-1: Fielders Choice at 2nd, 5-4 (Groundball, 56, EV 83.8 MPH)
Top of the 6th over - 0 runs, 2 hits, 0 errors, 2 left on base; Milwaukee 5 - Cincinnati 2
BOTTOM OF THE 6TH
Cincinnati Reds batting - Pitching for Milwaukee Brewers : RHP Jon Gray
Pitching: LHP Jose Quijada
Batting: RHB Chad Pinder 0-0: Called Strike
0-1: Called Strike
0-2: Ball
1-2: Foul Ball, location: 2F
1-2: Strikes out swinging
Batting: LHB Brian McCann 0-0: Ball
1-0: Ground out U3 (Groundball, 3, EV 79.4 MPH)
Batting: LHB Jarrod Dyson 0-0: Ball
1-0: Foul Ball, location: 2F
1-1: Foul Ball, location: 2F
1-2: Strikes out looking
Bottom of the 6th over - 0 runs, 0 hits, 0 errors, 0 left on base; Milwaukee 5 - Cincinnati 2
TOP OF THE 7TH
Milwaukee Brewers batting - Pitching for Cincinnati Reds : LHP Ryan Sherriff
Pitching: RHP Thyago Vieira
Batting: RHB Aaron Judge 0-0: Ground out 6-3 (Groundball, 6, EV 98.1 MPH)
Batting: LHB Eric Hosmer 0-0: Swinging Strike
0-1: Ball
1-1: Swinging Strike
1-2: Ball
2-2: Foul Ball, location: 2F
2-2: Foul Ball, location: 2F
2-2: Ball
3-2: Foul Ball, location: 2F
3-2: Base on Balls
Batting: RHB Tommy Pham 0-0: Ball
1-0: Foul Ball, location: 2F
1-1: Foul Ball, location: 2F
1-2: Ball
2-2: Foul Ball, location: 2F
2-2: SINGLE (Line Drive, 5D, EV 94.4 MPH)
Eric Hosmer to second
Batting: RHB Gary Sanchez 0-0: Ball
1-0: Ball
2-0: Ball
3-0: Base on Balls
Eric Hosmer to third
Tommy Pham to second
Pitching: RHP Raisel Iglesias
Batting: RHB A.J. Pollock 0-0: Called Strike
0-1: Called Strike
0-2: Ball
1-2: Strikes out looking
Pinch Hitting: RHB Danny Valencia 0-0: Swinging Strike
0-1: Called Strike
0-2: Strikes out looking
Top of the 7th over - 0 runs, 1 hit, 0 errors, 3 left on base; Milwaukee 5 - Cincinnati 2
BOTTOM OF THE 7TH
Cincinnati Reds batting - Pitching for Milwaukee Brewers : LHP Jose Quijada
Pitching: RHP Chad Green
Pinch Hitting: RHB Hanley Ramirez 0-0: Ball
1-0: Ball
2-0: Swinging Strike
2-1: Foul Ball, location: 2F
2-2: Ground out 5-3 (Groundball, 56, EV 98.8 MPH)
Batting: RHB Trea Turner 0-0: Called Strike
0-1: Ball
1-1: Called Strike
1-2: Strikes out swinging
Batting: LHB Robinson Cano 0-0: Ball
1-0: Ground out U3 (Groundball, 3L, EV 83.1 MPH)
Bottom of the 7th over - 0 runs, 0 hits, 0 errors, 0 left on base; Milwaukee 5 - Cincinnati 2
TOP OF THE 8TH
Milwaukee Brewers batting - Pitching for Cincinnati Reds : RHP Raisel Iglesias
Pitching: RHP Bruce Rondon
Batting: RHB Addison Russell 0-0: Ball
1-0: Foul Ball, location: 2F
1-1: Foul Ball, location: 2F
1-2: Foul Ball, location: 2F
1-2: Ground out 5-3 (Groundball, 5, EV 84.4 MPH)
Batting: LHB Jeff McNeil 0-0: Called Strike
0-1: Fly out, F9 (Flyball, 89S, EV 96.3 MPH)
Batting: RHB Eugenio Suarez 0-0: Ball
1-0: Foul Ball, location: 2F
1-1: Ball
2-1: Ball
3-1: Swinging Strike
3-2: SINGLE (Flyball, 89M, EV 88.1 MPH)
Batting: RHB Aaron Judge 0-0: Ball
1-0: Ball
2-0: Fly out, F9 (Flyball, 89S, EV 91.3 MPH)
Top of the 8th over - 0 runs, 1 hit, 0 errors, 1 left on base; Milwaukee 5 - Cincinnati 2
BOTTOM OF THE 8TH
Cincinnati Reds batting - Pitching for Milwaukee Brewers : RHP Chad Green
Batting: LHB Gregory Polanco 0-0: Ball
1-0: Foul Ball, location: 2F
1-1: Foul Ball, location: 2F
1-2: SINGLE (Groundball, 4D, EV 102.5 MPH)
Batting: LHB Joey Gallo 0-0: SINGLE (Line Drive, 4D, EV 106.9 MPH)
Gregory Polanco to second
Batting: LHB Ji-man Choi 0-0: Called Strike
0-1: Foul Ball, location: 2F
0-2: Grounds into double play, 5-4-3 (Groundball, 56, EV 103.1 MPH)
Gregory Polanco to third
Batting: RHB Chad Pinder 0-0: Ball
1-0: Foul Ball, location: 2F
1-1: Swinging Strike
1-2: Foul Ball, location: 2F
1-2: Strikes out swinging
Bottom of the 8th over - 0 runs, 2 hits, 0 errors, 1 left on base; Milwaukee 5 - Cincinnati 2
TOP OF THE 9TH
Milwaukee Brewers batting - Pitching for Cincinnati Reds : RHP Bruce Rondon
Pitching: LHP Daniel Norris
Batting: LHB Eric Hosmer 0-0: Called Strike
0-1: Ball
1-1: Foul Ball, location: 2F
1-2: Ball
2-2: Strikes out swinging
Batting: RHB Tommy Pham 0-0: Called Strike
0-1: Ball
1-1: Foul Ball, location: 2F
1-2: Foul Ball, location: 2F
1-2: SINGLE (Line Drive, 7S, EV 93.8 MPH)
Pitching: RHP Edgar Santana
Batting: RHB Gary Sanchez 0-0: Called Strike
0-1: Ball
1-1: Called Strike
1-2: Foul Ball, location: 2F
1-2: Ball
2-2: Strikes out looking
Batting: RHB A.J. Pollock 0-0: Called Strike
0-1: Swinging Strike
0-2: Strikes out swinging
Top of the 9th over - 0 runs, 1 hit, 0 errors, 1 left on base; Milwaukee 5 - Cincinnati 2
BOTTOM OF THE 9TH
Cincinnati Reds batting - Pitching for Milwaukee Brewers : RHP Chad Green
Pitching: LHP Andrew Miller
Now in CF: Yonathan Daza
Batting: LHB Brian McCann 0-0: Ball
1-0: Ball
2-0: Foul Ball, location: 2F
2-1: Ground out 6-3 (Groundball, 4, EV 80.0 MPH)
Batting: LHB Jarrod Dyson 0-0: Ball
1-0: Swinging Strike
1-1: Called Strike
1-2: Fly out, F8 (Line Drive, 8LD, EV 97.5 MPH)
Pinch Hitting: LHB Dustin Fowler 0-0: Ball
1-0: Ground out 4-3 (Groundball, 4, EV 86.3 MPH)
Bottom of the 9th over - 0 runs, 0 hits, 0 errors, 0 left on base; Milwaukee 5 - Cincinnati 2
Saturday, January 4th, 2020 - OOTP Baseball 20.8 Build 73